 Dungeon Crawl Stone Soup version 0.27-a0-277-g024f7ef292 (webtiles) character file.

Game seed: 15335253115195945285

6230 Morgoth the Carver (level 10, -7/71 HPs)
             Began as a Demigod Artificer on Feb 5, 2021.
             Mangled by a minotaur
             ... wielding the +8 whip "Snakebite" {curare, rPois}
              (24 damage)
             ... in a Gauntlet.
             The game lasted 00:32:15 (13659 turns).

Morgoth the Carver (Demigod Artificer)             Turns: 13659, Time: 00:32:15

Health: -7/71      AC: 17    Str: 21    XL:     10   Next: 35%
Magic:  13/13      EV: 10    Int: 15    God:
Gold:   510        SH:  0    Dex: 20    Spells: 9/9 levels left

rFire    + + .     SeeInvis +   a - +2 great sword (freeze)
rCold    + . .     Faith    .   (shield currently unavailable)
rNeg     . . .     Spirit   .   n - +2 scale mail {rF+}
rPois    +         Reflect  .   g - +2 helmet
rElec    +         Harm     .   A - +1 cloak {Will+}
rCorr    +         Rampage  .   (no gloves)
Will     ++...     NoTele   +   (no boots)
Stlth    ++........             (no amulet)
HPRegen  0.21/turn              G - ring "Ihiom" {+Fly Dex+4 SInv Stlth+}
MPRegen  0.13/turn              h - +4 ring of protection {=R}

@: mighty, resistant, slowed, very slow
A: high mp 1
a: Evoke Flight


You were in a Gauntlet.
You visited 1 branch of the dungeon, and saw 11 of its levels.
You also visited: Sewer and Gauntlet.

You collected 510 gold pieces.

Inventory:

Hand Weapons
 a - a +2 great sword of freezing (weapon)
 b - a +4 long sword of flaming
Missiles
 m - 33 poisoned darts (quivered)
Armour
 g - a +2 helmet (worn)
 n - a +2 scale mail of fire resistance (worn)
 A - a +1 cloak of willpower (worn)
Jewellery
 h - a +4 ring of protection (right hand) {=R}
 t - an uncursed ring of fire
 D - an uncursed ring of ice
 F - an uncursed ring of positive energy
 G - the ring "Ihiom" (left hand) {+Fly Dex+4 SInv Stlth+}
   (You found it in a Gauntlet)

   [ring of see invisible]

   It affects your dexterity (+4).
   It lets you see invisible.
   It lets you fly.
   It makes you more stealthy.
 K - the ring "Fuupra Buyx" {*Slow rF+ rC+ Will+ Dex+4}
   (You found it in a Gauntlet)

   [ring of willpower]

   It affects your dexterity (+4).
   It protects you from fire.
   It protects you from cold.
   It affects your willpower, your defense against some magical effects.
   It may slow you when you take damage.
Wands
 c - a wand of flame (11)
 d - a wand of charming (8)
 e - a wand of random effects (39)
 u - a wand of mindburst (1)
 B - a wand of iceblast (12)
 J - a wand of polymorph (17)
Scrolls
 k - 4 scrolls of remove curse
 o - 2 scrolls of amnesia
 w - 3 scrolls of fear
 y - 3 scrolls of teleportation
 E - a scroll of enchant armour
 I - 2 scrolls of immolation
Potions
 i - 6 potions of mutation
 p - a potion of heal wounds
 q - a potion of might
 r - a potion of invisibility {unknown}
 v - 2 potions of attraction
 x - 3 potions of flight
 z - 2 potions of haste {unknown}
 C - a potion of magic {unknown}


   Skills:
 - Level 1.3 Fighting
 + Level 13.2 Long Blades
 - Level 1.7 Armour
 - Level 0.8 Dodging
 - Level 0.8 Stealth
 - Level 6.1 Evocations


You had 9 spell levels left.
You didn't know any spells.
Your spell library contained the following spells:

 Spells                   Type           Power        Failure   Level
 Summon Small Mammal      Summ           0%           58%         1
 Call Imp                 Summ           0%           75%         2
 Call Canine Familiar     Summ           0%           92%         3
 Summon Guardian Golem    Hex/Summ       0%           92%         3
 Summon Ice Beast         Ice/Summ       0%           100%        4
 Summon Lightning Spire   Summ/Air       0%           100%        4


Dungeon Overview and Level Annotations

Branches:
Dungeon (11/15)            Temple (0/1) D:4            Lair (0/6) D:9
  Sewer (visited)         Gauntlet (1/1)
    Orc: D:9-12

Shops:
D:9 (

Annotations:
Gauntlet 6 transporters, 3 runed translucent doors, exclusion: ice statue


Innate Abilities, Weirdness & Mutations

You have an increased reservoir of magic. (+10% MP)


Message History

Blink to where?
Press: ? - help, Dir - move target
As you read the scroll of blinking, it crumbles to dust.
* * * LOW HITPOINT WARNING * * *
You feel very sick.
You feel better.
The minotaur throws a javelin.
The javelin pierces through you!
* * * LOW HITPOINT WARNING * * *
You feel much better.
Press: ? - help, v - describe, . - travel
Here: a minotaur, wielding the +8 whip "Snakebite" {curare, rPois}, wearing a +2 plate armour of willpower, wearing the ring "Xioraaw" {rC+ EV+4} and quivering javelins The floor.
It was a potion of resistance.
You feel protected.
The minotaur throws a javelin.
The javelin pierces through you!!
* * * LOW HITPOINT WARNING * * *
Okay, then.
You feel better.
The minotaur hits you with the +8 whip "Snakebite" {curare, rPois}!!
You die...

#≈.....................
#≈≈≈#≈≈≈#..∩.8.∩..#≈≈≈#≈
##≈###≈###.......###≈###
## ##################
#................
#.8.8.8.©.©.8.8.8
#...............
###.#.#######.#.
#@#....#...
#H#.##.#.##.#.#
#....H........#
#.#..##'##..#.#
#.#..#8.8# # #....#...#
###8.#8.8# ## #:.[#
#8.8#


You could see a minotaur.

Vanquished Creatures
  A blizzard demon (Gauntlet)
  A troll (D:9)
  6 yaks
  A golden eye (D:10)
  2 wyverns
  Grum (D:8)
  2 water moccasins
  2 sky beasts
  An ice beast (D:7)
  An orc warrior (D:8)
  A necrophage (D:7)
  3 wolves (D:8)
  5 ogres
  2 centaurs
  A phantom (D:7)
  6 bullfrogs
  2 big kobolds
  3 scorpions
  6 killer bees
  5 wights (D:8)
  2 howler monkeys (D:6)
  3 bullfrog skeletons
  2 hounds (D:4)
  2 jellies (D:8)
  An orc priest (D:8)
  2 iguanas
  Terence (D:1)
  6 orc wizards
  6 worker ants
  2 killer bee zombies
  A mummy (D:7)
  A howler monkey zombie (D:7)
  3 worker ant zombies
  A gnoll (D:4)
  11 adders
  4 river rats
  A shadow imp (D:8)
  3 white imps
  An ufetubus (D:6)
  An ooze (D:1)
  3 adder skeletons
  6 worms
  A dart slug (D:1)
  A leopard gecko (D:1)
  31 orcs
  2 giant cockroaches
  6 goblins
  7 hobgoblins
  17 jackals
  4 quokkas
  8 bats
  2 frilled lizards
  2 hobgoblin zombies (D:7)
  19 kobolds
  2 kobold zombies (D:7)
  11 rats
228 creatures vanquished.

Vanquished Creatures (collateral kills)
  An orc wizard (D:8)
  2 gnolls (D:4)
  An adder (D:3)
  A kobold (D:3)
5 creatures vanquished.

Vanquished Creatures (others)
  2 adders (D:3)
  19 plants (D:3)
21 creatures vanquished.

Grand Total: 254 creatures vanquished

Notes
Turn   | Place    | Note
-------+----------+-------------------------------------------
     0 | D:1      | Morgoth the Demigod Artificer began the quest for the Orb.
     0 | D:1      | Reached XP level 1. HP: 15/15 MP: 3/3
   543 | D:1      | Reached XP level 2. HP: 13/22 MP: 4/4
  1103 | D:1      | Reached XP level 3. HP: 20/27 MP: 5/5
  1588 | D:2      | Noticed Terence
  1602 | D:1      | Killed Terence
  1865 | D:2      | Reached XP level 4. HP: 17/34 MP: 6/6
  2625 | D:3      | Reached skill level 5 in Evocations
  2796 | D:3      | Found a glowing drain.
  2800 | Sewer    | Entered a sewer
  3105 | Sewer    | Reached XP level 5. HP: 39/39 MP: 7/7
  3159 | Sewer    | Found a white marble altar of Elyvilon.
  3460 | D:3      | Reached skill level 1 in Fighting
  4487 | D:4      | Reached skill level 1 in Long Blades
  4518 | D:4      | Reached XP level 6. HP: 44/47 MP: 8/8
  4524 | D:4      | Reached skill level 2 in Long Blades
  4909 | D:4      | Found a staircase to the Ecumenical Temple.
  4957 | D:5      | Entered Level 5 of the Dungeon
  5160 | D:5      | Reached skill level 3 in Long Blades
  5336 | D:5      | Reached skill level 4 in Long Blades
  5336 | D:5      | Reached XP level 7. HP: 52/52 MP: 9/9
  5853 | D:6      | Reached skill level 5 in Long Blades
  6173 | D:6      | Reached skill level 6 in Long Blades
  6460 | D:6      | Reached skill level 7 in Long Blades
  6460 | D:6      | Reached XP level 8. HP: 45/59 MP: 10/10
  7064 | D:6      | Reached skill level 8 in Long Blades
  8176 | D:7      | Reached skill level 9 in Long Blades
  9395 | D:8      | Reached XP level 9. HP: 28/64 MP: 11/11
  9498 | D:8      | Noticed Grum
  9501 | D:8      | Killed Grum
  9502 | D:8      | Reached skill level 10 in Long Blades
 10607 | D:9      | Reached skill level 11 in Long Blades
 11243 | D:9      | Found a staircase to the Lair.
 11659 | D:9      | Found a glowing silver altar of Zin.
 11659 | D:9      | Noticed an angel
 11923 | D:9      | Found Gengysuy's Weapon Shoppe.
 12043 | D:10     | Entered Level 10 of the Dungeon
 12059 | D:9      | Reached skill level 12 in Long Blades
 12255 | D:9      | Reached XP level 10. HP: 56/71 MP: 13/13
 12409 | D:10     | Noticed Joseph
 12412 | D:10     | Noticed Joseph
 12412 | D:10     | Joseph changed into Joseph the golden eye
 12459 | D:10     | Killed Joseph the golden eye
 12643 | D:11     | Found a gate leading to a gauntlet.
 12652 | Gauntlet | Entered a Gauntlet
 12652 | Gauntlet | Found a transporter.
 12652 | Gauntlet | Found a transporter.
 12826 | Gauntlet | Found a transporter.
 12830 | Gauntlet | Found a transporter.
 12834 | Gauntlet | Noticed a moth of wrath
 12836 | Gauntlet | Found a runed translucent gate.
 12836 | Gauntlet | Found a runed translucent gate.
 12836 | Gauntlet | Found a runed translucent gate.
 12838 | Gauntlet | Found a transporter.
 12842 | Gauntlet | Found a transporter.
 12844 | Gauntlet | Noticed a death scarab
 12845 | Gauntlet | Noticed a spectral seven-headed hydra
 12849 | Gauntlet | Noticed a spectral four-headed hydra
 12858 | Gauntlet | Found a transporter.
 12859 | Gauntlet | Noticed a death scarab
 12865 | Gauntlet | Noticed a blizzard demon
 12866 | Gauntlet | Found a transporter.
 12883 | Gauntlet | Found a transporter.
 12884 | Gauntlet | Found a transporter.
 12892 | Gauntlet | Found a transporter.
 12896 | Gauntlet | Found a transporter.
 12920 | Gauntlet | Noticed an ice statue
 13014 | Gauntlet | Got a glittering wooden ring
 13162 | Gauntlet | Identified the ring "Ihiom" {+Fly Dex+4 SInv Stlth+} (You
                  | found it in a Gauntlet)
 13173 | Gauntlet | Got a distressingly furry scale mail
 13354 | Gauntlet | Killed a blizzard demon
 13355 | Gauntlet | Reached skill level 13 in Long Blades
 13605 | Gauntlet | Got a steaming copper ring
 13611 | Gauntlet | Identified the ring "Fuupra Buyx" {*Slow rF+ rC+ Will+
                  | Dex+4} (You found it in a Gauntlet)
 13624 | Gauntlet | Identified the +1 scale mail of the Leaf {MP+9 Dex+3} (You
                  | found it in a Gauntlet)
 13645 | Gauntlet | Identified the ring "Xioraaw" {rC+ EV+4}
 13645 | Gauntlet | Noticed a minotaur
 13659 | Gauntlet | Mangled by a minotaur

Illustrated notes

Levels and vault maps discovered:
D:1:      kennysheep_arrival_seaside, layout_loops_ring
D:2:      layout_basic, uniq_terence
D:3:      layout_basic, lightli_sewer_entry_pipes, serial_bayou_lagoon_b
D:4:      layout_rooms, minmay_temple_entry_statues
D:5:      layout_loops_ring
D:6:      layout_layer_cave, serial_glass, glass_columns_b, glass_columns_a,
          glass_columns_b, glass_columns_a, glass_columns_a, glass_columns_a,
          glass_columns_b, glass_columns_c, glass_columns_a, glass_columns_b
D:7:      layout_layer_cave, minmay_mini_ossuary
D:8:      layout_basic, kennysheep_decorative_pillar,
          kennysheep_generic_room_14, uniq_grum
D:9:      layout_cave_pools, zin_angel, lair_entry_dummy, serial_shops,
          nicolae_shop_statue_plus, statue_in_the_mist_lemuel,
          grunt_decor_arrowhead
D:10:     layout_irregular_city, serial_shops, shop_scrolls,
          grunt_ministairs_15, serial_bayou_pond_d,
          lemuel_mausoleum_altar_kikubaaqudgha, uniq_joseph
D:11:     layout_cave_pools, serial_column_ruins, column_ruins_hut,
          column_ruins_open_tiny, column_ruins_grid_3, column_ruins_open_tiny,
          column_ruins_columns_straight, column_ruins_open_small,
          column_ruins_open_small, column_ruins_columns_straight,
          gauntlet_entry_generic, onia_ninara_cookie
Gauntlet: minmay_gauntlet_77_indecision [minmay_gauntlet_arena_77_box,
          minmay_gauntlet_arena_77_broken_ladder,
          minmay_gauntlet_arena_77_chump_sandwich,
          minmay_gauntlet_arena_77_run_for_it,
          minmay_gauntlet_arena_77_tiled_triplets,
          minmay_gauntlet_arena_77_two_lines,
          nicolae_gauntlet_exit_dead_adventurers]

Skill      XL: |  1  2  3  4  5  6  7  8  9 10 |
---------------+-------------------------------+-----
Evocations     | 3 4 5 6 |  6.1
Fighting       | 1 |  1.3
Long Blades    | 1 4 7 9 12 13 | 13.2
Armour         | |  1.7
Dodging        | |  0.8
Stealth        | |  0.8

Action                   |  1- 3 |  4- 6 |  7- 9 | 10-12 || total
-------------------------+-------+-------+-------+-------++-------
Melee: Club              |    24 |       |       |       ||    24
       Mace              |   108 |   132 |       |       ||   240
       Long sword        |       |   145 |   381 |       ||   526
       War axe           |       |    13 |       |       ||    13
       Great sword       |       |       |    40 |    45 ||    85
Throw: Dart              |     5 |     6 |     2 |       ||    13
Evoke: Wand              |       |     9 |     6 |     3 ||    18
  Use: Scroll            |       |    10 |    15 |     3 ||    28
       Potion            |       |     1 |     1 |     9 ||    11
 Stab: Sleeping          |     1 |       |       |       ||     1
Armor: Leather armour    |    41 |       |       |       ||    41
       Scale mail        |    33 |   225 |   190 |    21 ||   469
Dodge: Dodged            |    83 |   234 |   204 |    26 ||   547
       Rpst.: Long sword |       |    21 |    60 |       ||    81
       Great sword       |       |       |     7 |     4 ||    11

Table legend: (Time is in decaauts)
 A = Elapsed time spent in this place.
 B = Non-inter-level travel time spent in this place.
 C = Inter-level travel time spent in this place.
 D = Time resting spent in this place.
 E = Time spent auto-exploring this place.
 F = Levels seen in this place.
 G = Mean time per level.
                   A        B        C        D        E       F      G
               +--------+--------+--------+--------+--------+-----+--------+
         Total |  13914 |  13192 |    722 |   2958 |   7410 |  13 | 1070.3 |
       Dungeon |  12408 |  11686 |    722 |   2033 |   7144 |  11 | 1128.0 |
         Sewer |    488 |    488 |      0 |    228 |    105 |   1 |  488.0 |
      Gauntlet |   1016 |   1016 |      0 |    697 |    161 |   1 | 1016.0 |
               +--------+--------+--------+--------+--------+-----+--------+

Top non-repeatable levels by time:
     D:8: 1886 daAuts
     D:1: 1727 daAuts
     D:7: 1669 daAuts
     D:6: 1637 daAuts
     D:9: 1277 daAuts
     D:3: 1247 daAuts
Gauntlet: 1016 daAuts
     D:2: 945 daAuts
     D:4: 870 daAuts
     D:5: 817 daAuts
   Sewer: 488 daAuts
    D:10: 316 daAuts
    D:11: 13 daAuts
